 Dungeon Crawl Stone Soup version 0.31-a0-216-g22e908daa7 (webtiles) character file.

Game seed: 2133733991625260028

40 qw the Shooter (level 3, 0/21 HPs)
             Began as a Gargoyle Hexslinger on July 2, 2023.
             Slain by a goblin
             ... wielding a +0 club
             ... led by Robin
              (1 damage)
             ... on level 2 of the Dungeon.
             The game lasted 00:00:23 (1181 turns).

qw the Shooter (Gargoyle Hexslinger)                Turns: 1181, Time: 00:00:23

Health: 0/21       AC:  5    Str: 11    XL:     3   Next: 50%
Magic:  4/4        EV: 12    Int: 13    God:
Gold:   83         SH:  0    Dex: 14    Spells: 3/4 levels left

rFire   . . .        Y - +1 sling
rCold   . . .        (no shield)
rNeg    + . .        c - +0 robe
rPois   inf          (no helmet)
rElec   +            (no cloak)
rCorr   .            (no gloves)
SInv    .            (no boots)
Will    .....        (no amulet)
Stlth   +            (no ring)
HPRegen 0.23/turn    (no ring)
MPRegen 0.09/turn

%: no passive effects
@: about to teleport
A: sickness immunity, AC +3, negative energy resistance 1, electricity
resistance, torment resistance 1, petrification resistance
a: no special abilities


You were on level 2 of the Dungeon.
You visited 1 branch of the dungeon, and saw 2 of its levels.

You collected 83 gold pieces.


Innate Abilities, Weirdness & Mutations

You are immune to sickness and miasma.
Your stone body is resilient. (AC +3)
You are immune to poison.
You resist negative energy. (rN+)
You are resistant to electric shocks. (rElec)
You are resistant to unholy torment.
You are immune to petrification.


   Skills:
 - Level 2.0 Fighting
 + Level 3.4 Ranged Weapons
 - Level 1.5 Dodging
 - Level 1.0 Spellcasting
 - Level 2.6 Hexes


You had 3 spell levels left.
You knew the following spells:

 Your Spells              Type           Power      Damage    Failure   Level
a - Slow                  Hex            28%        N/A       10%         1

Your spell library contained the following spells:

 Spells                   Type           Power      Damage    Failure   Level
 Inner Flame              Hex/Fire       4%         N/A       43%         3
 Portal Projectile        Hex/Tloc       8%         N/A       43%         3
 Cause Fear               Hex            3%         N/A       67%         4

Inventory:

Hand Weapons
 Y - a +1 sling (weapon)
Armour
 c - a +0 robe (worn)
Scrolls
 b - a scroll of fear {unknown}
 d - a scroll of identify
Potions
 g - a potion of heal wounds {unknown}

Dungeon Overview and Level Annotations

Branches:
Dungeon (2/15)

Altars:


Message History

Robin throws the goblin at you! The goblin closely misses you.
You shoot a sling bullet. The sling bullet hits the goblin.
You kill the goblin!
Robin throws the goblin at you! The goblin hits you but does no damage.
A goblin comes into view. It is wielding a +0 dagger.
You shoot a sling bullet.
The sling bullet barely misses the goblin.
The goblin shouts!
The goblin hits you with a +0 club.
You shoot a sling bullet. The sling bullet hits Robin.
Robin is heavily wounded.
Robin hits you but does no damage. The goblin closely misses you.
You shoot a sling bullet. The sling bullet hits Robin.
Robin is severely wounded.
Robin barely misses you. The goblin hits you with a +0 club. x2
You shoot a sling bullet. The sling bullet hits Robin.
Robin is almost dead.
Robin hits you with a +0 short sword. The goblin barely misses you.
You shoot a sling bullet.
The sling bullet completely misses Robin.
The goblin no longer looks unusually strong. x2
Robin roars a battlecry!
The goblins go into a battle-frenzy!
The goblin hits you with a +0 club.
You shoot a sling bullet. The sling bullet hits Robin.
You kill Robin!
The goblin closely misses you.
You shoot a sling bullet. The sling bullet hits the goblin.
The goblin is moderately wounded.
The goblin completely misses you. The goblin hits you with a +0 dagger.
The goblin barely misses you. x2
1180 ||| READING scroll of teleportation.
As you read the scroll of teleportation, it crumbles to dust.
You feel strangely unstable. The goblin hits you with a +0 dagger.
The goblin barely misses you.
You shoot a sling bullet.
The sling bullet barely misses the goblin.
The goblin no longer looks unusually strong.
The goblin barely misses you. The goblin hits you with a +0 club.
You die...

##.#.#.....#
....%...
#######.#.#.....#
.######.
##........#.....#
#.
##+####.###.....#
###.
#.....#..##.....#
####...
#.............(.#
#<.....
........##...###
###.###
........####.#####
#........
.....#### #...@g#
#....#### .....
#####g# #.###
..... g# #. ....
g% # ### #)) #.#
.) ##.


You could see 4 goblins.

Vanquished Creatures
  Robin (D:2)
  8 goblins
  5 hobgoblins
  5 kobolds
  A quokka (D:1)
  3 ball pythons
  A frilled lizard (D:1)
  3 rats (D:1)
27 creatures vanquished.

Notes
Turn   | Place    | Note
-------+----------+-------------------------------------------
     0 | D:1      | qw the Gargoyle Hexslinger began the quest for the Orb.
     0 | D:1      | Reached XP level 1. HP: 12/12 MP: 2/2
     0 | D:1      | 0 ||| qw: Version: 0.3-a-35-g05ef00e
     0 | D:1      | 0 ||| qw: Game counter: 7857
     0 | D:1      | 0 ||| qw: Melee chars always use a shield: true
     0 | D:1      | 0 ||| qw: God list: Okawaru
     0 | D:1      | 0 ||| qw: Allow faded altars: false
     0 | D:1      | 0 ||| qw: Do Orc after clearing Dungeon:15 true
     0 | D:1      | 0 ||| qw: Do second Lair branch before Depths: true
     0 | D:1      | 0 ||| qw: Lair rune preference: random
     0 | D:1      | 0 ||| qw: Goals: Normal
     0 | D:1      | 0 ||| PLANNING D:1-11
   190 | D:1      | Reached XP level 2. HP: 14/16 MP: 3/3
   814 | D:1      | 814 ||| READING scroll labelled YTUYPL FUZOAC.
   815 | D:1      | 815 ||| READING scroll labelled ODDOKU LIDACW.
   816 | D:1      | 816 ||| READING scroll labelled MUEB CEYZUQ.
   820 | D:1      | 820 ||| DROPPING scroll of poison.
   854 | D:2      | Reached skill level 3 in Ranged Weapons
  1154 | D:2      | 1154 ||| FLEEEEING.
  1163 | D:2      | Noticed Robin
  1165 | D:2      | Reached XP level 3. HP: 21/21 MP: 4/4
  1178 | D:2      | Killed Robin
  1179 | D:2      | HP: 2/21 [goblin/+0 dagger[Robin] (5)]
  1180 | D:2      | 1180 ||| READING scroll of teleportation.
  1181 | D:2      | Slain by a goblin

Levels and vault maps discovered:
D:1:      lightli_arrival_boilingwater, layout_basic, minmay_ruptured
D:2:      layout_basic, basic_altar, chequers_serial_rivers_micro_c,
          grunt_decor_junction, chequers_serial_rivers_micro_b, uniq_robin

Skill      XL: |  1  2 |
---------------+-------+-----
Ranged Weapons | 3 |  3.4
Fighting       | 2 |  2.0
Dodging        | |  1.5
Spellcasting   | |  1.0
Hexes          | |  2.6

Action                     || total
---------------------------++-------
   Fire: Sling             ||    95
    Use: Scroll            ||     4
 Armour: Robe              ||    13
  Dodge: Dodged            ||    35

Table legend:
 A = Non-vault XP
 B = Vault XP
 C = Vault XP percentage of total XP
 D = Non-vault monster count
 E = Vault monster count
 F = Vault count percentage of total count
                 A         B        C        D         E       F
            +---------+---------+-------+---------+---------+-------
      Total |      24 |      34 |  58.6 |      16 |      11 |  40.7
            +---------+---------+-------+---------+---------+-------
        D:1 |      15 |       3 |  16.7 |      10 |       2 |  16.7
        D:2 |       9 |      31 |  77.5 |       6 |       9 |  60.0
            +---------+---------+-------+---------+---------+-------
